WCHLSIM.com - West Coast Hockey League
html PUBLIC "-//W3C//DTD XHTML 1.0 Transitional//EN" "http://www.w3.org/TR/xhtml1/DTD/xhtml1-transitional.dtd"> WCHL - Game 834 - SAN FRANCISCO SPIDERS vs REGINA FALCONS

SAN FRANCISCO SPIDERS vs REGINA FALCONS

Created - 22 mars 2021 at 20:14

Goals
1 2 3 T
SAN FRANCISCO SPIDERS 1 1 0 2
REGINA FALCONS 3 0 1 4
Shots
1 2 3 T
SAN FRANCISCO SPIDERS 4 13 6 23
REGINA FALCONS 15 9 15 39

1st period

1. SAN FRANCISCO SPIDERS , Dominik Kahun 11 (Calle Jarnkrok 18, Tyler Myers 18) at 3:27
2. REGINA FALCONS , Ivan Provorov 6 (Jonathan Audy-Marchessault 19, Anton Stralman 12) at 6:53
3. REGINA FALCONS , Nick Cousins 8 (Brenden Dillon 7) at 7:42
4. REGINA FALCONS , Derick Brassard 5 (Jonathan Audy-Marchessault 20, Tanner Pearson 19) at 15:57

Penalties :
Milan Lucic (SAF) for Tripping (Minor) at 10:15, Brenden Dillon (REG) for Tripping (Minor) at 12:49

2nd period

5. SAN FRANCISCO SPIDERS , Erik Haula 9 (Darnell Nurse 13, Nico Sturm 7) at 4:24 (PP)

Penalties :
Anton Stralman (REG) for Tripping (Minor) at 2:46, Darnell Nurse (SAF) for Hooking (Minor) at 10:19, Brenden Dillon (REG) for Delaying the game (Minor) at 12:32

3rd period

6. REGINA FALCONS , Jonathan Miller 21 (Max Pacioretty 27, Brent Burns 23) at 5:50

Penalties :
No Penalty

Goalie Stats

Igor Shesterkin (SAF), 35 saves from 39 shots - (0,897), L, 3-17-3, 60:00 minutes
Anton Khudobin (REG), 21 saves from 23 shots - (0,913), W, 14-4-4, 60:00 minutes

Players Stats for SAN FRANCISCO SPIDERS

Player Name              G  A  P  +/- PIM S  H  SB GA TA FO     MP     PP MP  PK MP  
------------------------------------------------------------------------------------
Alex Chiasson            0  0  0  -2  0   0  0  0  0  0  1/2     9:45   0:00   0:00 
Alexander Kerfoot        0  0  0  -2  0   0  0  0  0  0  0/1    10:23   0:00   0:38 
Andrei Svechnikov        0  0  0  -1  0   3  0  1  0  0  1/2    20:43   3:00   2:25 
Calle Jarnkrok           0  1  1   1  0   0  0  0  0  0  3/12   11:18   0:00   0:13 
Danton Heinen            0  0  0  -1  0   0  0  0  0  0  5/27   20:21   3:00   2:03 
Darnell Nurse            0  1  1  -3  2   2  4  2  0  0  0/0    21:10   3:19   1:21 
Dominik Kahun            1  0  1   1  0   6  0  0  0  0  0/2    11:05   0:00   0:00 
Eric Robinson            0  0  0  -1  0   1  0  0  0  0  0/0    14:18   0:00   0:00 
Erik Haula               1  0  1  -2  0   2  1  0  0  0  9/17   13:54   2:36   1:33 
Jordan Oesterle          0  0  0   0  0   0  0  1  0  0  0/0    17:38   0:00   1:24 
Kirby Dach               0  0  0  -1  0   5  1  0  0  0  6/17   16:54   2:36   0:00 
Michael Stone            0  0  0   0  0   1  2  1  0  0  0/0    21:07   2:17   1:58 
Milan Lucic              0  0  0  -1  2   0  2  0  0  0  0/2    19:21   3:00   1:04 
Nate Schmidt             0  0  0  -2  0   2  0  1  0  0  0/0    15:12   0:00   0:00 
Nico Sturm               0  1  1  -1  0   0  0  0  0  0  0/1    16:54   2:36   0:00 
Owen Tippett             0  0  0   1  0   0  2  0  0  0  0/2    11:05   0:00   0:00 
Sean Walker              0  0  0   0  0   1  1  0  0  0  0/0    21:24   2:24   1:19 
Tyler Myers              0  1  1  -1  0   0  5  3  0  0  0/0    23:28   3:12   1:54 

Players Stats for REGINA FALCONS

Player Name              G  A  P  +/- PIM S  H  SB GA TA FO     MP     PP MP  PK MP  
------------------------------------------------------------------------------------
Anton Stralman           0  1  1   0  2   0  1  1  0  0  0/0    19:12   0:00   2:02 
Brandon Carlo            0  0  0   2  0   1  2  1  0  0  0/0    20:19   1:50   0:00 
Brenden Dillon           0  1  1   1  4   0  4  0  0  0  0/0    13:17   0:00   0:27 
Brent Burns              0  1  1   2  0   3  0  3  0  0  0/0    23:26   1:50   3:07 
Corey Perry              0  0  0   1  0   1  0  0  0  0  0/0    13:09   0:00   0:00 
Derick Brassard          1  0  1   1  0   2  0  0  0  0  22/25  19:19   2:08   0:00 
Erik Gustafsson          0  0  0   0  0   0  0  0  0  0  0/0     4:02   2:08   0:00 
Filip Zadina             0  0  0   0  0   1  0  0  0  0  0/0     4:26   0:00   2:03 
Greg McKegg              0  0  0   0  0   0  0  0  0  0  6/10    5:56   0:00   3:33 
Ivan Provorov            1  0  1   0  0   3  0  0  0  0  0/0    21:42   2:08   2:23 
Jonathan Audy-Marchessau 0  2  2   1  0   5  0  0  0  0  1/2    19:19   2:08   0:00 
Jonathan Miller          1  0  1   1  0   9  2  0  0  0  1/3    19:33   1:50   0:00 
Marc-Edouard Vlasic      0  0  0   1  0   1  1  0  0  0  0/0    17:59   0:00   3:13 
Max Pacioretty           0  1  1   1  0   6  1  0  0  0  1/1    19:33   1:50   0:00 
Nick Cousins             1  0  1   1  0   2  1  0  0  0  8/17   17:35   0:00   2:03 
Richard Panik            0  0  0   1  0   1  0  0  0  0  3/4    16:33   0:00   3:24 
Ryan Getzlaf             0  0  0   1  0   2  2  0  0  0  18/22  19:33   1:50   0:00 
Tanner Pearson           0  1  1   1  0   2  0  0  0  0  0/1    19:28   2:08   0:09 

3 Stars

1 - Jonathan Miller (REG)
2 - Nick Cousins (REG)
3 - Jonathan Audy-Marchessault (REG)

Power Play

SAN FRANCISCO SPIDERS - 1 on 3 Attempt(s) - 33,33%
REGINA FALCONS - 0 on 2 Attempt(s) - 0,00%

Penalty Kill

SAN FRANCISCO SPIDERS - 2 on 2 Attempt(s) - 100,00% - Score 0 goal in Penalty Kill
REGINA FALCONS - 2 on 3 Attempt(s) - 66,67% - Score 0 goal in Penalty Kill

Team Stat

SAN FRANCISCO SPIDERS - Hits : 18 - Faceoff Wins : 25 - Blocked Shots : 9 - Penalty Minutes : 4
REGINA FALCONS - Hits : 14 - Faceoff Wins : 60 - Blocked Shots : 5 - Penalty Minutes : 6

Official

Referees : Reid Anderson and Frederick L'Ecuyer
Linesman : Travis Gawryletz and Brent Colby

Game Notes

No Game Note

Finance

Level 1 -- Attendance: 3476 (57,93%) -- Ticket Income 816 860 $
Level 2 -- Attendance: 3129 (62,58%) -- Ticket Income 563 220 $
Level 3 -- Attendance: 1173 (58,65%) -- Ticket Income 164 220 $
Level 4 -- Attendance: 2549 (63,73%) -- Ticket Income 229 410 $
Luxury Box -- Attendance: 1000 (100,00%) -- Ticket Income 220 000 $
Game was played at the Larouche Arena.
Total Attendance: 11327 (62,93%)
Total Ticket Income: 1 993 710 $
Other Expense: 19 937 $
Total Income: 1 973 773 $

SAN FRANCISCO SPIDERS

5 vs 5 Forward 
   Center                   Left Wing                Right Wing               Time % Phy DF OF 
 1 Danton Heinen            Milan Lucic              Andrei Svechnikov        30     0   0  5  
 2 Kirby Dach               Eric Robinson            Nico Sturm               30     0   0  5  
 3 Calle Jarnkrok           Dominik Kahun            Owen Tippett             20     0   0  5  
 4 Erik Haula               Alexander Kerfoot        Alex Chiasson            20     0   0  5  

5 vs 5 Defense 
   Defense                  Defense                                           Time % Phy DF OF 
 1 Jordan Oesterle          Michael Stone                                     34     0   5  0  
 2 Tyler Myers              Sean Walker                                       33     0   5  0  
 3 Nate Schmidt             Darnell Nurse                                     32     0   5  0  
 4 Darnell Nurse            Tyler Myers                                       1      0   5  0  

PowerPlay Forward 
   Center                   Left Wing                Right Wing               Time % Phy DF OF 
 1 Danton Heinen            Milan Lucic              Andrei Svechnikov        55     0   1  4  
 2 Erik Haula               Kirby Dach               Nico Sturm               45     0   1  4  

PowerPlay Defense
   Defense                  Defense                                           Time % Phy DF OF 
 1 Michael Stone            Sean Walker                                       55     0   3  2  
 2 Darnell Nurse            Tyler Myers                                       45     0   3  2  

Penalty Kill 4 Players Forward 
   Center                   Wing                     Time % Phy DF OF 
 1 Danton Heinen            Andrei Svechnikov        55     0   4  1  
 2 Milan Lucic              Erik Haula               45     0   4  1  

Penalty Kill 4 Players Defense
   Defense                  Defense                  Time % Phy DF OF 
 1 Jordan Oesterle          Sean Walker              55     0   5  0  
 2 Darnell Nurse            Tyler Myers              45     0   5  0  

Penalty Kill - 3 Players Forward 
   Forward                                           Time % Phy DF OF 
 1 Erik Haula                                        55     0   5  0  
 2 Andrei Svechnikov                                 45     0   5  0  

Penalty Kill - 3 Players Defense
   Defense                  Defense                  Time % Phy DF OF 
 1 Sean Walker              Jordan Oesterle          55     0   5  0  
 2 Darnell Nurse            Tyler Myers              45     0   5  0  

4 vs 4 Forward 
   Center                   Wing                     Time % Phy DF OF 
 1 Milan Lucic              Andrei Svechnikov        55     1   1  3  
 2 Kirby Dach               Erik Haula               45     1   1  3  

4 vs 4 Defense
   Defense                  Defense                  Time % Phy DF OF 
 1 Michael Stone            Sean Walker              55     1   3  1  
 2 Tyler Myers              Darnell Nurse            45     0   5  0  

Last Minutes Offensive
   Center                   Left Wing                Right Wing               Defense                  Defense                  
   Erik Haula               Eric Robinson            Andrei Svechnikov        Tyler Myers              Michael Stone            

Last Minutes Defensive
   Center                   Left Wing                Right Wing               Defense                  Defense                  
   Erik Haula               Eric Robinson            Andrei Svechnikov        Tyler Myers              Michael Stone            

Goaltenders
Starting : Igor Shesterkin          
Backup : Malcolm Subban           

Extra Forwards
Normal : Kirby Dach, Nico Sturm, Danton Heinen - PP : Kirby Dach, Nico Sturm - PK : Danton Heinen
Extra Defensemen
Normal : Sean Walker, Darnell Nurse, Tyler Myers - PP : Tyler Myers - PK : Tyler Myers, Darnell Nurse
Penalty Shots
Danton Heinen, Andrei Svechnikov, Nico Sturm, Erik Haula, Milan Lucic
Custom OT Lines Forwards
Eric Robinson, Andrei Svechnikov, Nico Sturm, Erik Haula, Milan Lucic, Calle Jarnkrok, Danton Heinen, Dominik Kahun, Alexander Kerfoot, Kirby Dach
Custom OT Lines Defensemen
Tyler Myers, Darnell Nurse, Jordan Oesterle, Sean Walker, Nate Schmidt

Scratches
Michael Anderson (Right Foot Injury), Collin Delia (Healthy)

REGINA FALCONS

5 vs 5 Forward 
   Center                   Left Wing                Right Wing               Time % Phy DF OF 
 1 Ryan Getzlaf             Max Pacioretty           Jonathan Miller          34     0   2  3  
 2 Derick Brassard          Tanner Pearson           Jonathan Audy-Marchessaul33     1   2  2  
 3 Nick Cousins             Richard Panik            Corey Perry              27     1   2  2  
 4 Greg McKegg              Filip Zadina             Nick Cousins             6      1   2  2  

5 vs 5 Defense 
   Defense                  Defense                                           Time % Phy DF OF 
 1 Brent Burns              Brandon Carlo                                     35     0   4  1  
 2 Ivan Provorov            Anton Stralman                                    33     0   4  1  
 3 Brenden Dillon           Marc-Edouard Vlasic                               26     0   4  1  
 4 Erik Gustafsson          Marc-Edouard Vlasic                               6      0   4  1  

PowerPlay Forward 
   Center                   Left Wing                Right Wing               Time % Phy DF OF 
 1 Ryan Getzlaf             Max Pacioretty           Jonathan Miller          55     0   0  5  
 2 Derick Brassard          Tanner Pearson           Jonathan Audy-Marchessaul45     0   0  5  

PowerPlay Defense
   Defense                  Defense                                           Time % Phy DF OF 
 1 Brent Burns              Brandon Carlo                                     55     0   1  4  
 2 Ivan Provorov            Erik Gustafsson                                   45     0   2  3  

Penalty Kill 4 Players Forward 
   Center                   Wing                     Time % Phy DF OF 
 1 Greg McKegg              Richard Panik            55     0   4  1  
 2 Nick Cousins             Filip Zadina             45     0   4  1  

Penalty Kill 4 Players Defense
   Defense                  Defense                  Time % Phy DF OF 
 1 Anton Stralman           Marc-Edouard Vlasic      55     0   5  0  
 2 Ivan Provorov            Brenden Dillon           45     0   5  0  

Penalty Kill - 3 Players Forward 
   Forward                                           Time % Phy DF OF 
 1 Nick Cousins                                      55     0   5  0  
 2 Derick Brassard                                   45     0   5  0  

Penalty Kill - 3 Players Defense
   Defense                  Defense                  Time % Phy DF OF 
 1 Anton Stralman           Marc-Edouard Vlasic      55     0   5  0  
 2 Ivan Provorov            Brenden Dillon           45     0   5  0  

4 vs 4 Forward 
   Center                   Wing                     Time % Phy DF OF 
 1 Ryan Getzlaf             Max Pacioretty           55     0   2  3  
 2 Derick Brassard          Jonathan Miller          45     0   2  3  

4 vs 4 Defense
   Defense                  Defense                  Time % Phy DF OF 
 1 Brent Burns              Brandon Carlo            55     0   3  2  
 2 Ivan Provorov            Anton Stralman           45     0   3  2  

Last Minutes Offensive
   Center                   Left Wing                Right Wing               Defense                  Defense                  
   Ryan Getzlaf             Max Pacioretty           Jonathan Miller          Brent Burns              Brandon Carlo            

Last Minutes Defensive
   Center                   Left Wing                Right Wing               Defense                  Defense                  
   Ryan Getzlaf             Max Pacioretty           Jonathan Miller          Ivan Provorov            Marc-Edouard Vlasic      

Goaltenders
Starting : Anton Khudobin           
Backup : Tristan Jarry            

Extra Forwards
Normal : Tanner Pearson, Max Pacioretty, Jonathan Audy-Marchessault - PP : Jonathan Miller, Max Pacioretty - PK : Tanner Pearson
Extra Defensemen
Normal : Ivan Provorov, Brent Burns, Anton Stralman - PP : Brandon Carlo - PK : Brent Burns, Marc-Edouard Vlasic
Penalty Shots
Jonathan Miller, Max Pacioretty, Jonathan Audy-Marchessault, Tanner Pearson, Ryan Getzlaf
Custom OT Lines Forwards
Ryan Getzlaf, Max Pacioretty, Tanner Pearson, Jonathan Audy-Marchessault, Jonathan Miller, Derick Brassard, Nick Cousins, Corey Perry, Richard Panik, Filip Zadina
Custom OT Lines Defensemen
Brent Burns, Brandon Carlo, Ivan Provorov, Brenden Dillon, Marc-Edouard Vlasic

Scratches
David Pastrnak (Sprained Right Ankle Injury)

% Time on Ice - SAN FRANCISCO SPIDERS

Lines # - Real PCT - Wanted PCT - Time Play
Normal Forward
1 - 30% - 30% - 15:18
2 - 28% - 30% - 14:18
3 - 22% - 20% - 11:05
4 - 19% - 20% - 9:45
Normal Defense
1 - 32% - 34% - 16:14
2 - 35% - 33% - 17:41
3 - 30% - 32% - 15:12
4 - 3% - 1% - 1:19
PP Forward
1 - 54% - 55% - 3:00
2 - 46% - 45% - 2:36
PP Defense
1 - 43% - 55% - 2:24
2 - 57% - 45% - 3:12
PK Forward
1 - 52% - 55% - 2:03
2 - 48% - 45% - 1:55
PK Defense
1 - 35% - 55% - 1:24
2 - 65% - 45% - 2:34
PK3 Forward
1 - 0% - 55%
2 - 0% - 45%
PK3 Defense
1 - 0% - 55%
2 - 0% - 45%
44 Forward
1 - 0% - 55%
2 - 0% - 45%
44 Defense
1 - 0% - 55%
2 - 0% - 45%
Last Minute Offensive  - 0:00
Last Minute Defensive  - 0:00
Total
Forward - 60:00
Defense - 60:00

% Time on Ice - REGINA FALCONS

Lines # - Real PCT - Wanted PCT - Time Play
Normal Forward
1 - 35% - 34% - 17:43
2 - 34% - 33% - 17:11
3 - 26% - 27% - 13:09
4 - 5% - 6% - 2:23
Normal Defense
1 - 37% - 35% - 18:29
2 - 34% - 33% - 17:11
3 - 26% - 26% - 12:52
4 - 4% - 6% - 1:54
PP Forward
1 - 46% - 55% - 1:50
2 - 54% - 45% - 2:08
PP Defense
1 - 46% - 55% - 1:50
2 - 54% - 45% - 2:08
PK Forward
1 - 63% - 55% - 3:33
2 - 37% - 45% - 2:03
PK Defense
1 - 57% - 55% - 3:13
2 - 43% - 45% - 2:23
PK3 Forward
1 - 0% - 55%
2 - 0% - 45%
PK3 Defense
1 - 0% - 55%
2 - 0% - 45%
44 Forward
1 - 0% - 55%
2 - 0% - 45%
44 Defense
1 - 0% - 55%
2 - 0% - 45%
Last Minute Offensive  - 0:00
Last Minute Defensive  - 0:00
Total
Forward - 60:00
Defense - 60:00

Play-by-Play

1st period


0:01 of 1st period - Ryan Getzlaf wins face-off versus Danton Heinen in neutral zone.
0:40 of 1st period - Icing by Jordan Oesterle.
0:41 of 1st period - Derick Brassard wins face-off versus Danton Heinen in SAN FRANCISCO SPIDERS zone.
0:46 of 1st period - Shot by Jonathan Audy-Marchessault.
0:46 of 1st period - Shot Misses the Net.
1:36 of 1st period - Shot by Kirby Dach.
1:36 of 1st period - Stopped by Anton Khudobin without a rebound.
1:37 of 1st period - Nick Cousins wins face-off versus Calle Jarnkrok in REGINA FALCONS zone.
1:44 of 1st period - Shot by Richard Panik.
1:44 of 1st period - Shot Blocked by Nate Schmidt.
1:53 of 1st period - Off-side.
1:54 of 1st period - Erik Haula wins face-off versus Jonathan Miller in neutral zone.
1:56 of 1st period - Alexander Kerfoot is hit by Brandon Carlo.
2:38 of 1st period - Shot by Max Pacioretty.
2:38 of 1st period - Shot Misses the Net.
3:08 of 1st period - Shot by Corey Perry.
3:08 of 1st period - Stopped by Igor Shesterkin without a rebound.
3:09 of 1st period - Derick Brassard wins face-off versus Calle Jarnkrok in SAN FRANCISCO SPIDERS zone.
3:27 of 1st period - Shot by Dominik Kahun.
3:27 of 1st period - Goal by Dominik Kahun - SAN FRANCISCO SPIDERS : 1 - REGINA FALCONS : 0.
3:28 of 1st period - Kirby Dach wins face-off versus Nick Cousins in neutral zone.
3:53 of 1st period - Kirby Dach is hit by Brenden Dillon and loses puck.
4:01 of 1st period - Icing by Brenden Dillon.
4:02 of 1st period - Nick Cousins wins face-off versus Danton Heinen in REGINA FALCONS zone.
4:09 of 1st period - Tyler Myers is hit by Nick Cousins and loses puck.
4:51 of 1st period - Icing by Ivan Provorov.
4:52 of 1st period - Calle Jarnkrok wins face-off versus Jonathan Audy-Marchessault in REGINA FALCONS zone.
4:57 of 1st period - Shot by Dominik Kahun.
4:57 of 1st period - Stopped by Anton Khudobin without a rebound.
4:58 of 1st period - Kirby Dach wins face-off versus Ryan Getzlaf in REGINA FALCONS zone.
4:58 of 1st period - Eric Robinson is hit by Brandon Carlo and loses puck.
5:23 of 1st period - Shot by Jonathan Miller.
5:23 of 1st period - Shot Misses the Net.
5:25 of 1st period - Shot by Max Pacioretty.
5:25 of 1st period - Stopped by Igor Shesterkin without a rebound.
5:26 of 1st period - Greg McKegg wins face-off versus Owen Tippett in SAN FRANCISCO SPIDERS zone.
5:30 of 1st period - Nick Cousins is hit by Darnell Nurse.
5:44 of 1st period - Shot by Calle Jarnkrok.
5:44 of 1st period - Shot Misses the Net.
6:18 of 1st period - Off-side.
6:19 of 1st period - Derick Brassard wins face-off versus Kirby Dach in neutral zone.
6:21 of 1st period - Off-side.
6:22 of 1st period - Derick Brassard wins face-off versus Kirby Dach in neutral zone.
6:51 of 1st period - Shot by Jonathan Audy-Marchessault.
6:51 of 1st period - Shot Misses the Net.
6:53 of 1st period - Shot by Ivan Provorov.
6:53 of 1st period - Goal by Ivan Provorov - SAN FRANCISCO SPIDERS : 1 - REGINA FALCONS : 1.
6:54 of 1st period - Ryan Getzlaf wins face-off versus Milan Lucic in neutral zone.
7:29 of 1st period - Shot by Max Pacioretty.
7:29 of 1st period - Stopped by Igor Shesterkin without a rebound.
7:30 of 1st period - Nick Cousins wins face-off versus Erik Haula in SAN FRANCISCO SPIDERS zone.
7:30 of 1st period - Nick Cousins is hit by Tyler Myers.
7:42 of 1st period - Shot by Nick Cousins.
7:42 of 1st period - Goal by Nick Cousins - SAN FRANCISCO SPIDERS : 1 - REGINA FALCONS : 2.
7:43 of 1st period - Derick Brassard wins face-off versus Kirby Dach in neutral zone.
7:51 of 1st period - Jonathan Audy-Marchessault is hit by Darnell Nurse and loses puck.
8:19 of 1st period - Off-side.
8:20 of 1st period - Erik Haula wins face-off versus Nick Cousins in neutral zone.
8:28 of 1st period - Alex Chiasson is hit by Brenden Dillon.
9:59 of 1st period - Icing by Brent Burns.
10:00 of 1st period - Ryan Getzlaf wins face-off versus Andrei Svechnikov in REGINA FALCONS zone.
10:00 of 1st period - Ryan Getzlaf is hit by Milan Lucic.
10:15 of 1st period - Minor Penalty to Milan Lucic for Tripping.
10:16 of 1st period - Derick Brassard wins face-off versus Danton Heinen in SAN FRANCISCO SPIDERS zone.
10:27 of 1st period - Shot by Jonathan Audy-Marchessault.
10:27 of 1st period - Shot Misses the Net.
10:51 of 1st period - Shot by Jonathan Audy-Marchessault.
10:51 of 1st period - Stopped by Igor Shesterkin with a rebound.
10:53 of 1st period - Shot by Ivan Provorov.
10:53 of 1st period - Stopped by Igor Shesterkin with a rebound.
10:55 of 1st period - Shot by Ivan Provorov.
10:55 of 1st period - Stopped by Igor Shesterkin without a rebound.
10:56 of 1st period - Calle Jarnkrok wins face-off versus Ryan Getzlaf in SAN FRANCISCO SPIDERS zone.
10:56 of 1st period - Calle Jarnkrok is hit by Ryan Getzlaf.
11:30 of 1st period - Shot by Jonathan Miller.
11:30 of 1st period - Stopped by Igor Shesterkin without a rebound.
11:31 of 1st period - Danton Heinen wins face-off versus Derick Brassard in SAN FRANCISCO SPIDERS zone.
11:55 of 1st period - Icing by Jonathan Audy-Marchessault.
11:56 of 1st period - Derick Brassard wins face-off versus Alexander Kerfoot in REGINA FALCONS zone.
12:49 of 1st period - Minor Penalty to Brenden Dillon for Tripping.
12:50 of 1st period - Erik Haula wins face-off versus Greg McKegg in REGINA FALCONS zone.
13:00 of 1st period - Off-side.
13:01 of 1st period - Richard Panik wins face-off versus Danton Heinen in neutral zone.
14:52 of 1st period - Icing by Calle Jarnkrok.
14:53 of 1st period - Derick Brassard wins face-off versus Calle Jarnkrok in SAN FRANCISCO SPIDERS zone.
14:54 of 1st period - Shot by Jonathan Audy-Marchessault.
14:54 of 1st period - Shot Blocked by Jordan Oesterle.
15:00 of 1st period - Shot by Calle Jarnkrok.
15:00 of 1st period - Shot Misses the Net.
15:02 of 1st period - Shot by Dominik Kahun.
15:02 of 1st period - Shot Misses the Net.
15:04 of 1st period - Shot by Calle Jarnkrok.
15:04 of 1st period - Deflect By Dominik Kahun.
15:04 of 1st period - Stopped by Anton Khudobin without a rebound.
15:05 of 1st period - Ryan Getzlaf wins face-off versus Erik Haula in REGINA FALCONS zone.
15:19 of 1st period - Icing by Nate Schmidt.
15:20 of 1st period - Jonathan Audy-Marchessault wins face-off versus Alex Chiasson in SAN FRANCISCO SPIDERS zone.
15:35 of 1st period - Shot by Derick Brassard.
15:35 of 1st period - Stopped by Igor Shesterkin with a rebound.
15:55 of 1st period - Shot by Jonathan Audy-Marchessault.
15:55 of 1st period - Shot Misses the Net.
15:57 of 1st period - Shot by Derick Brassard.
15:57 of 1st period - Goal by Derick Brassard - SAN FRANCISCO SPIDERS : 1 - REGINA FALCONS : 3.
15:58 of 1st period - Ryan Getzlaf wins face-off versus Danton Heinen in neutral zone.
16:12 of 1st period - Andrei Svechnikov is hit by Anton Stralman.
16:38 of 1st period - Icing by Ivan Provorov.
16:39 of 1st period - Ryan Getzlaf wins face-off versus Kirby Dach in REGINA FALCONS zone.
17:12 of 1st period - Shot by Jonathan Audy-Marchessault.
17:12 of 1st period - Stopped by Igor Shesterkin without a rebound.
17:13 of 1st period - Derick Brassard wins face-off versus Calle Jarnkrok in SAN FRANCISCO SPIDERS zone.
17:45 of 1st period - Shot by Jonathan Audy-Marchessault.
17:45 of 1st period - Shot Misses the Net.
17:47 of 1st period - Shot by Jonathan Audy-Marchessault.
17:47 of 1st period - Stopped by Igor Shesterkin with a rebound.
17:49 of 1st period - Shot by Jonathan Audy-Marchessault.
17:49 of 1st period - Shot Misses the Net.
17:53 of 1st period - Shot by Tanner Pearson.
17:53 of 1st period - Stopped by Igor Shesterkin with a rebound.
19:42 of 1st period - Shot by Ryan Getzlaf.
19:42 of 1st period - Stopped by Igor Shesterkin without a rebound.
19:43 of 1st period - Kirby Dach wins face-off versus Greg McKegg in SAN FRANCISCO SPIDERS zone.
19:45 of 1st period - Icing by Eric Robinson.
19:46 of 1st period - Derick Brassard wins face-off versus Kirby Dach in SAN FRANCISCO SPIDERS zone.
Goals for this period are 1 for SAN FRANCISCO SPIDERS vs 3 for REGINA FALCONS.
Shots for this period are 4 for SAN FRANCISCO SPIDERS vs 15 for REGINA FALCONS.

2nd period


0:01 of 2nd period - Nick Cousins wins face-off versus Nico Sturm in neutral zone.
0:22 of 2nd period - Shot by Kirby Dach.
0:22 of 2nd period - Shot Misses the Net.
0:35 of 2nd period - Icing by Tyler Myers.
0:36 of 2nd period - Derick Brassard wins face-off versus Kirby Dach in SAN FRANCISCO SPIDERS zone.
0:36 of 2nd period - Derick Brassard is hit by Tyler Myers.
1:16 of 2nd period - Shot by Andrei Svechnikov.
1:16 of 2nd period - Shot Misses the Net.
1:20 of 2nd period - Shot by Andrei Svechnikov.
1:20 of 2nd period - Stopped by Anton Khudobin with a rebound.
1:57 of 2nd period - Anton Stralman is hit by Owen Tippett and loses puck.
2:10 of 2nd period - Shot by Dominik Kahun.
2:10 of 2nd period - Stopped by Anton Khudobin without a rebound.
2:11 of 2nd period - Alex Chiasson wins face-off versus Nick Cousins in REGINA FALCONS zone.
2:32 of 2nd period - Shot by Erik Haula.
2:32 of 2nd period - Stopped by Anton Khudobin without a rebound.
2:33 of 2nd period - Ryan Getzlaf wins face-off versus Kirby Dach in REGINA FALCONS zone.
2:46 of 2nd period - Minor Penalty to Anton Stralman for Tripping.
2:47 of 2nd period - Greg McKegg wins face-off versus Danton Heinen in REGINA FALCONS zone.
3:08 of 2nd period - Shot by Andrei Svechnikov.
3:08 of 2nd period - Stopped by Anton Khudobin without a rebound.
3:09 of 2nd period - Erik Haula wins face-off versus Nick Cousins in REGINA FALCONS zone.
3:26 of 2nd period - Brent Burns is hit by Erik Haula and loses puck.
3:37 of 2nd period - Shot by Darnell Nurse.
3:37 of 2nd period - Shot Blocked by Brent Burns.
3:39 of 2nd period - Shot by Darnell Nurse.
3:39 of 2nd period - Stopped by Anton Khudobin without a rebound.
3:40 of 2nd period - Danton Heinen wins face-off versus Nick Cousins in REGINA FALCONS zone.
3:43 of 2nd period - Shot by Danton Heinen.
3:43 of 2nd period - Shot Misses the Net.
3:45 of 2nd period - Shot by Michael Stone.
3:45 of 2nd period - Stopped by Anton Khudobin without a rebound.
3:46 of 2nd period - Greg McKegg wins face-off versus Danton Heinen in REGINA FALCONS zone.
4:15 of 2nd period - Shot by Sean Walker.
4:15 of 2nd period - Stopped by Anton Khudobin without a rebound.
4:16 of 2nd period - Erik Haula wins face-off versus Nick Cousins in REGINA FALCONS zone.
4:24 of 2nd period - Shot by Erik Haula.
4:24 of 2nd period - Goal by Erik Haula - SAN FRANCISCO SPIDERS : 2 - REGINA FALCONS : 3.
4:25 of 2nd period - Ryan Getzlaf wins face-off versus Calle Jarnkrok in neutral zone.
4:34 of 2nd period - Shot by Jonathan Miller.
4:34 of 2nd period - Stopped by Igor Shesterkin with a rebound.
4:36 of 2nd period - Shot by Max Pacioretty.
4:36 of 2nd period - Shot Misses the Net.
4:38 of 2nd period - Shot by Max Pacioretty.
4:38 of 2nd period - Stopped by Igor Shesterkin with a rebound.
4:45 of 2nd period - Ryan Getzlaf is hit by Darnell Nurse and loses puck.
5:06 of 2nd period - Shot by Calle Jarnkrok.
5:06 of 2nd period - Shot Misses the Net.
5:21 of 2nd period - Max Pacioretty is hit by Tyler Myers and loses puck.
5:32 of 2nd period - Marc-Edouard Vlasic is hit by Kirby Dach and loses puck.
5:37 of 2nd period - Shot by Kirby Dach.
5:37 of 2nd period - Stopped by Anton Khudobin with a rebound.
6:29 of 2nd period - Corey Perry is hit by Michael Stone and loses puck.
7:15 of 2nd period - Icing by Ivan Provorov.
7:16 of 2nd period - Ryan Getzlaf wins face-off versus Calle Jarnkrok in REGINA FALCONS zone.
7:23 of 2nd period - Shot by Dominik Kahun.
7:23 of 2nd period - Stopped by Anton Khudobin with a rebound.
8:27 of 2nd period - Shot by Jonathan Audy-Marchessault.
8:27 of 2nd period - Stopped by Igor Shesterkin with a rebound.
8:29 of 2nd period - Shot by Jonathan Audy-Marchessault.
8:29 of 2nd period - Shot Misses the Net.
8:31 of 2nd period - Shot by Marc-Edouard Vlasic.
8:31 of 2nd period - Stopped by Igor Shesterkin without a rebound.
8:32 of 2nd period - Richard Panik wins face-off versus Danton Heinen in SAN FRANCISCO SPIDERS zone.
10:16 of 2nd period - Shot by Ryan Getzlaf.
10:16 of 2nd period - Stopped by Igor Shesterkin without a rebound.
10:17 of 2nd period - Ryan Getzlaf wins face-off versus Erik Haula in SAN FRANCISCO SPIDERS zone.
10:19 of 2nd period - Minor Penalty to Darnell Nurse for Hooking.
10:20 of 2nd period - Ryan Getzlaf wins face-off versus Danton Heinen in SAN FRANCISCO SPIDERS zone.
10:25 of 2nd period - Shot by Brent Burns.
10:25 of 2nd period - Stopped by Igor Shesterkin without a rebound.
10:26 of 2nd period - Ryan Getzlaf wins face-off versus Danton Heinen in SAN FRANCISCO SPIDERS zone.
11:50 of 2nd period - Shot by Ivan Provorov.
11:50 of 2nd period - Shot Blocked by Tyler Myers.
12:02 of 2nd period - Shot by Derick Brassard.
12:02 of 2nd period - Shot Misses the Net.
12:13 of 2nd period - Shot by Jonathan Audy-Marchessault.
12:13 of 2nd period - Stopped by Igor Shesterkin with a rebound.
12:15 of 2nd period - Shot by Ivan Provorov.
12:15 of 2nd period - Shot Blocked by Michael Stone.
12:17 of 2nd period - Shot by Erik Gustafsson.
12:17 of 2nd period - Shot Blocked by Tyler Myers.
12:25 of 2nd period - Shot by Nate Schmidt.
12:25 of 2nd period - Stopped by Anton Khudobin without a rebound.
12:26 of 2nd period - Kirby Dach wins face-off versus Nick Cousins in REGINA FALCONS zone.
12:32 of 2nd period - Minor Penalty to Brenden Dillon for Delaying the game.
12:33 of 2nd period - Erik Haula wins face-off versus Greg McKegg in REGINA FALCONS zone.
12:43 of 2nd period - Icing by Darnell Nurse.
12:44 of 2nd period - Greg McKegg wins face-off versus Erik Haula in SAN FRANCISCO SPIDERS zone.
13:05 of 2nd period - Shot by Darnell Nurse.
13:05 of 2nd period - Stopped by Anton Khudobin without a rebound.
13:06 of 2nd period - Greg McKegg wins face-off versus Danton Heinen in REGINA FALCONS zone.
14:32 of 2nd period - Shot by Andrei Svechnikov.
14:32 of 2nd period - Shot Blocked by Brandon Carlo.
14:34 of 2nd period - Shot by Nate Schmidt.
14:34 of 2nd period - Shot Misses the Net.
14:46 of 2nd period - Shot by Calle Jarnkrok.
14:46 of 2nd period - Shot Blocked by Brent Burns.
14:48 of 2nd period - Shot by Nate Schmidt.
14:48 of 2nd period - Stopped by Anton Khudobin without a rebound.
14:49 of 2nd period - Derick Brassard wins face-off versus Dominik Kahun in REGINA FALCONS zone.
16:31 of 2nd period - Shot by Max Pacioretty.
16:31 of 2nd period - Shot Blocked by Tyler Myers.
16:33 of 2nd period - Shot by Brent Burns.
16:33 of 2nd period - Stopped by Igor Shesterkin with a rebound.
17:17 of 2nd period - Icing by Milan Lucic.
17:18 of 2nd period - Danton Heinen wins face-off versus Derick Brassard in SAN FRANCISCO SPIDERS zone.
17:28 of 2nd period - Icing by Anton Stralman.
17:29 of 2nd period - Derick Brassard wins face-off versus Erik Haula in REGINA FALCONS zone.
17:31 of 2nd period - Icing by Jonathan Audy-Marchessault.
17:32 of 2nd period - Kirby Dach wins face-off versus Tanner Pearson in REGINA FALCONS zone.
17:36 of 2nd period - Icing by Anton Stralman.
17:37 of 2nd period - Derick Brassard wins face-off versus Kirby Dach in REGINA FALCONS zone.
18:20 of 2nd period - Tanner Pearson is hit by Darnell Nurse and loses puck.
18:39 of 2nd period - Shot by Nick Cousins.
18:39 of 2nd period - Shot Blocked by Darnell Nurse.
18:53 of 2nd period - Shot by Richard Panik.
18:53 of 2nd period - Stopped by Igor Shesterkin without a rebound.
18:54 of 2nd period - Andrei Svechnikov wins face-off versus Ryan Getzlaf in SAN FRANCISCO SPIDERS zone.
19:53 of 2nd period - Icing by Erik Haula.
19:54 of 2nd period - Nick Cousins wins face-off versus Erik Haula in SAN FRANCISCO SPIDERS zone.
Goals for this period are 1 for SAN FRANCISCO SPIDERS vs 0 for REGINA FALCONS.
Shots for this period are 13 for SAN FRANCISCO SPIDERS vs 9 for REGINA FALCONS.

3rd period


0:01 of 3rd period - Kirby Dach wins face-off versus Nick Cousins in neutral zone.
0:06 of 3rd period - Shot by Kirby Dach.
0:06 of 3rd period - Stopped by Anton Khudobin with a rebound.
1:23 of 3rd period - Icing by Ivan Provorov.
1:24 of 3rd period - Ryan Getzlaf wins face-off versus Danton Heinen in REGINA FALCONS zone.
1:29 of 3rd period - Shot by Jonathan Miller.
1:29 of 3rd period - Stopped by Igor Shesterkin without a rebound.
1:30 of 3rd period - Derick Brassard wins face-off versus Danton Heinen in SAN FRANCISCO SPIDERS zone.
2:23 of 3rd period - Icing by Andrei Svechnikov.
2:24 of 3rd period - Nick Cousins wins face-off versus Danton Heinen in SAN FRANCISCO SPIDERS zone.
2:24 of 3rd period - Richard Panik is hit by Sean Walker.
2:27 of 3rd period - Icing by Sean Walker.
2:28 of 3rd period - Danton Heinen wins face-off versus Jonathan Miller in SAN FRANCISCO SPIDERS zone.
2:34 of 3rd period - Icing by Tyler Myers.
2:35 of 3rd period - Nick Cousins wins face-off versus Danton Heinen in SAN FRANCISCO SPIDERS zone.
3:25 of 3rd period - Erik Haula is hit by Max Pacioretty.
4:00 of 3rd period - Shot by Max Pacioretty.
4:00 of 3rd period - Shot Misses the Net.
4:02 of 3rd period - Shot by Jonathan Miller.
4:02 of 3rd period - Stopped by Igor Shesterkin without a rebound.
4:03 of 3rd period - Derick Brassard wins face-off versus Kirby Dach in SAN FRANCISCO SPIDERS zone.
4:16 of 3rd period - Shot by Jonathan Audy-Marchessault.
4:16 of 3rd period - Shot Blocked by Darnell Nurse.
5:09 of 3rd period - Filip Zadina is hit by Tyler Myers.
5:13 of 3rd period - Shot by Nick Cousins.
5:13 of 3rd period - Shot Misses the Net.
5:20 of 3rd period - Icing by Dominik Kahun.
5:21 of 3rd period - Jonathan Miller wins face-off versus Calle Jarnkrok in SAN FRANCISCO SPIDERS zone.
5:26 of 3rd period - Shot by Jonathan Miller.
5:26 of 3rd period - Stopped by Igor Shesterkin without a rebound.
5:27 of 3rd period - Max Pacioretty wins face-off versus Danton Heinen in SAN FRANCISCO SPIDERS zone.
5:28 of 3rd period - Shot by Brent Burns.
5:28 of 3rd period - Stopped by Igor Shesterkin without a rebound.
5:29 of 3rd period - Ryan Getzlaf wins face-off versus Danton Heinen in SAN FRANCISCO SPIDERS zone.
5:50 of 3rd period - Shot by Jonathan Miller.
5:50 of 3rd period - Goal by Jonathan Miller - SAN FRANCISCO SPIDERS : 2 - REGINA FALCONS : 4.
5:51 of 3rd period - Erik Haula wins face-off versus Richard Panik in neutral zone.
6:00 of 3rd period - Icing by Jordan Oesterle.
6:01 of 3rd period - Derick Brassard wins face-off versus Erik Haula in SAN FRANCISCO SPIDERS zone.
6:17 of 3rd period - Shot by Tanner Pearson.
6:17 of 3rd period - Stopped by Igor Shesterkin without a rebound.
6:18 of 3rd period - Richard Panik wins face-off versus Kirby Dach in SAN FRANCISCO SPIDERS zone.
7:38 of 3rd period - Shot by Max Pacioretty.
7:38 of 3rd period - Shot Misses the Net.
7:40 of 3rd period - Shot by Jonathan Miller.
7:40 of 3rd period - Stopped by Igor Shesterkin without a rebound.
7:41 of 3rd period - Derick Brassard wins face-off versus Calle Jarnkrok in SAN FRANCISCO SPIDERS zone.
7:46 of 3rd period - Shot by Jonathan Audy-Marchessault.
7:46 of 3rd period - Shot Misses the Net.
8:09 of 3rd period - Shot by Dominik Kahun.
8:09 of 3rd period - Stopped by Anton Khudobin without a rebound.
8:10 of 3rd period - Ryan Getzlaf wins face-off versus Danton Heinen in REGINA FALCONS zone.
8:41 of 3rd period - Shot by Max Pacioretty.
8:41 of 3rd period - Stopped by Igor Shesterkin without a rebound.
8:42 of 3rd period - Erik Haula wins face-off versus Derick Brassard in SAN FRANCISCO SPIDERS zone.
10:11 of 3rd period - Shot by Sean Walker.
10:11 of 3rd period - Shot Blocked by Brent Burns.
10:14 of 3rd period - Icing by Brandon Carlo.
10:15 of 3rd period - Nick Cousins wins face-off versus Danton Heinen in REGINA FALCONS zone.
10:36 of 3rd period - Icing by Brent Burns.
10:37 of 3rd period - Calle Jarnkrok wins face-off versus Nick Cousins in REGINA FALCONS zone.
10:58 of 3rd period - Richard Panik is hit by Owen Tippett.
11:30 of 3rd period - Icing by Tyler Myers.
11:31 of 3rd period - Ryan Getzlaf wins face-off versus Owen Tippett in SAN FRANCISCO SPIDERS zone.
11:37 of 3rd period - Max Pacioretty is hit by Tyler Myers and loses puck.
11:41 of 3rd period - Icing by Sean Walker.
11:42 of 3rd period - Derick Brassard wins face-off versus Dominik Kahun in SAN FRANCISCO SPIDERS zone.
12:24 of 3rd period - Shot by Jonathan Audy-Marchessault.
12:24 of 3rd period - Shot Misses the Net.
13:11 of 3rd period - Shot by Jonathan Miller.
13:11 of 3rd period - Stopped by Igor Shesterkin with a rebound.
13:13 of 3rd period - Shot by Ryan Getzlaf.
13:13 of 3rd period - Shot Misses the Net.
13:17 of 3rd period - Shot by Max Pacioretty.
13:17 of 3rd period - Stopped by Igor Shesterkin with a rebound.
13:19 of 3rd period - Shot by Jonathan Miller.
13:19 of 3rd period - Shot Misses the Net.
13:43 of 3rd period - Icing by Andrei Svechnikov.
13:44 of 3rd period - Danton Heinen wins face-off versus Greg McKegg in SAN FRANCISCO SPIDERS zone.
13:46 of 3rd period - Icing by Andrei Svechnikov.
13:47 of 3rd period - Greg McKegg wins face-off versus Danton Heinen in SAN FRANCISCO SPIDERS zone.
14:06 of 3rd period - Shot by Nick Cousins.
14:06 of 3rd period - Stopped by Igor Shesterkin with a rebound.
14:26 of 3rd period - Shot by Andrei Svechnikov.
14:26 of 3rd period - Stopped by Anton Khudobin without a rebound.
14:27 of 3rd period - Derick Brassard wins face-off versus Kirby Dach in REGINA FALCONS zone.
14:57 of 3rd period - Shot by Kirby Dach.
14:57 of 3rd period - Stopped by Anton Khudobin without a rebound.
14:58 of 3rd period - Erik Haula wins face-off versus Ryan Getzlaf in REGINA FALCONS zone.
15:12 of 3rd period - Nate Schmidt is hit by Jonathan Miller and loses puck.
15:35 of 3rd period - Shot by Max Pacioretty.
15:35 of 3rd period - Stopped by Igor Shesterkin without a rebound.
15:36 of 3rd period - Derick Brassard wins face-off versus Milan Lucic in SAN FRANCISCO SPIDERS zone.
15:36 of 3rd period - Tanner Pearson is hit by Michael Stone and loses puck.
16:18 of 3rd period - Danton Heinen is hit by Marc-Edouard Vlasic and loses puck.
16:42 of 3rd period - Ivan Provorov is hit by Milan Lucic and loses puck.
17:04 of 3rd period - Shot by Darnell Nurse.
17:04 of 3rd period - Shot Blocked by Anton Stralman.
17:06 of 3rd period - Shot by Eric Robinson.
17:06 of 3rd period - Stopped by Anton Khudobin without a rebound.
17:07 of 3rd period - Ryan Getzlaf wins face-off versus Erik Haula in REGINA FALCONS zone.
17:12 of 3rd period - Erik Haula is hit by Jonathan Miller and loses puck.
17:45 of 3rd period - Alexander Kerfoot is hit by Ryan Getzlaf and loses puck.
18:26 of 3rd period - Shot by Filip Zadina.
18:26 of 3rd period - Stopped by Igor Shesterkin without a rebound.
18:27 of 3rd period - Derick Brassard wins face-off versus Calle Jarnkrok in SAN FRANCISCO SPIDERS zone.
18:53 of 3rd period - Calle Jarnkrok is hit by Brenden Dillon and loses puck.
18:59 of 3rd period - Dominik Kahun is hit by Brenden Dillon and loses puck.
19:24 of 3rd period - Shot by Kirby Dach.
19:24 of 3rd period - Stopped by Anton Khudobin without a rebound.
19:25 of 3rd period - Ryan Getzlaf wins face-off versus Danton Heinen in REGINA FALCONS zone.
19:38 of 3rd period - Shot by Andrei Svechnikov.
19:38 of 3rd period - Shot Misses the Net.
19:46 of 3rd period - Shot by Max Pacioretty.
19:46 of 3rd period - Shot Blocked by Andrei Svechnikov.
19:48 of 3rd period - Shot by Jonathan Miller.
19:48 of 3rd period - Shot Misses the Net.
19:54 of 3rd period - Shot by Ryan Getzlaf.
19:54 of 3rd period - Shot Misses the Net.
19:56 of 3rd period - Shot by Brandon Carlo.
19:56 of 3rd period - Stopped by Igor Shesterkin with a rebound.
19:58 of 3rd period - Shot by Jonathan Miller.
19:58 of 3rd period - Stopped by Igor Shesterkin with a rebound.
Goals for this period are 0 for SAN FRANCISCO SPIDERS vs 1 for REGINA FALCONS.
Shots for this period are 6 for SAN FRANCISCO SPIDERS vs 15 for REGINA FALCONS.


EAST COAST

HOCKEY LEAGUE